 Dungeon Crawl Stone Soup version 0.18-a0-1285-g60d00e1 (webtiles) character file.

19 ololoev the Firebug (level 2, 12/15 HPs)
             Began as a Deep Elf Fire Elementalist on Feb 8, 2016.
             Was a Follower of Qazlal.
             Quit the game on level 2 of the Dungeon.
             The game lasted 00:01:42 (243 turns).

ololoev the Firebug (Deep Elf Fire Elementalist)     Turns: 243, Time: 00:01:42

Health: 12/15      AC:  2    Str:  5    XL:     2   Next: 55%
Magic:  5/8        EV: 13    Int: 19    God:    Qazlal [*.....]
Gold:   88         SH:  1    Dex: 15    Spells: 1 memorised, 6 levels left

rFire  . . .     SeeInvis .     g - +0 whip (drain)
rCold  . . .     Gourm    .     a - +0 robe
rNeg   . . .     Faith    .     (no shield)
rPois  .         Spirit   .     (no helmet)
rElec  .         Dismiss  .     (no cloak)
rCorr  .         Reflect  .     (no gloves)
SustAt .         Harm     .     (no boots)
MR     .....                    (no amulet)
Stlth  +.........               (no ring)
                                h - ring of loudness (curse)

@: not resistant to hostile enchantments, very unstealthy
A: no striking features
a: Renounce Religion

Inventory:

Hand Weapons
 g - a +0 whip of draining (weapon)
Armour
 a - a +0 robe (worn)
Jewellery
 h - a cursed ring of loudness (left hand)
Scrolls
 e - 2 scrolls of remove curse {unknown}
 f - a scroll of enchant armour {unknown}
 k - a scroll of noise {unknown}
Potions
 d - a potion of agility {unknown}
 i - a potion of curing {unknown}
 j - a potion of heal wounds {unknown}
Books
 b - a book of Flames

   Spells                             Type                      Level
   a - Flame Tongue                   Conjuration/Fire             1
   b - Throw Flame                    Conjuration/Fire             2
   c - Conjure Flame                  Conjuration/Fire             3
   d - Inner Flame                    Hexes/Fire                   3
   e - Sticky Flame                   Conjuration/Fire             4
   f - Fireball                       Conjuration/Fire             5
Comestibles
 c - a bread ration


   Skills:
 - Level 2.4 Dodging
 - Level 2.4 Stealth
 + Level 3.2 Spellcasting
 * Level 2.1 Conjurations
 + Level 3.6 Fire Magic


You had 6 spell levels left.
You knew the following spells:

 Your Spells              Type           Power        Failure   Level  Hunger
a - Flame Tongue          Conj/Fire      ##...        6%          1    None


You were on level 2 of the Dungeon.
You worshipped Qazlal.
Qazlal was aware of your devotion.
You were not hungry.

You visited 1 branch of the dungeon, and saw 2 of its levels.

You collected 88 gold pieces.

......##.# .####.##.# #
#....# ....#.##.##.#
#....# .##.#.......#
#....#
.##.#..#.######....##
.##.#...............#
.##.##.###.##...8...#
.##.##.#.......8.8..##
.##.##.##.....8.@.8..#
...............8.8......
.##.##.##..#....8.......
#.##.....#........#...
#.######.#.#####.## #.
#.# ..#.# .# #.# ###.#
.# #.# #.# .. #. #.

Notes
Turn   | Place    | Note
--------------------------------------------------------------
     0 | D:1      | ololoev the Deep Elf Fire Elementalist began the quest for the Orb.
     0 | D:1      | Reached XP level 1. HP: 10/10 MP: 6/6
   100 | D:1      | Reached XP level 2. HP: 15/15 MP: 2/8
   236 | D:2      | Found a faded altar to an unknown god.
   243 | D:2      | Became a worshipper of Qazlal Stormbringer
   243 | D:2      | Reached * piety under Qazlal
   243 | D:2      | Quit the game

Dungeon Overview and Level Annotations

Branches:
Dungeon (2/15)

Altars:
Qazlal


Message History

Casting: Flame Tongue
Confirm with . or Enter, or press ? or * to list all spells.
Aiming: Flame Tongue
Press: ? - help, Shift-Dir - straight line, f - worm
Aim: a worm
Okay, then.
Casting: Flame Tongue
Confirm with . or Enter, or press ? or * to list all spells.
Aiming: Flame Tongue
Press: ? - help, Shift-Dir - straight line, f - worm
Aim: a worm The flame tongue hits the worm.
The worm is lightly wounded.
Casting: Flame Tongue
Confirm with . or Enter, or press ? or * to list all spells.
Aiming: Flame Tongue
Press: ? - help, Shift-Dir - straight line, f/p - worm
Aim: a worm (lightly wounded)
The flame tongue hits the worm.
The worm is severely wounded.
Casting: Flame Tongue
Confirm with . or Enter, or press ? or * to list all spells.
Aiming: Flame Tongue
Press: ? - help, Shift-Dir - straight line, f/p - worm
Aim: a worm (severely wounded)
The flame tongue hits the worm.
You kill the worm!
Casting: Flame Tongue
Confirm with . or Enter, or press ? or * to list all spells.
You can't see any susceptible monsters within range! (Use Z to cast anyway.) Unknown command.
Found a faded altar to an unknown god.
There is a faded altar to an unknown god here.
This altar will convert you to a god.
You cannot discern which.
Do you pray? Qazlal accepts your prayer! Qazlal welcomes you!
Qazlal grants you immunity to your own clouds.
You are surrounded by a storm.
Unknown command.
Are you sure you want to abandon this character and quit the game? (Confirm with "yes".)

There were no monsters in sight!

Vanquished Creatures
  A worm (D:2)
  A giant gecko (D:1)
  5 goblins (D:1)
  2 hobgoblins (D:1)
  A bat (D:1)
  2 kobolds (D:1)
  2 rats (D:1)
14 creatures vanquished.

Action                   || total
-------------------------++-------
Melee: Whip              ||     3
 Cast: Flame Tongue      ||    20
 Stab: Sleeping          ||     1

Vault maps used:
D:1:      scummos_arrival_simple_fountains
D:2:      first_bread, ecumenical_altar_2
